 Dungeon Sprint DCSS version 0.04.2-19-ga012a504bd (webtiles) character file.

Game seed: 5051364764927004213, levelgen mode: deterministic

13205 diana the Warrior (level 11, -3/113 HPs) Minotaur Hunter. Began on May 23, 2021. Engulfed by a merfolk aquamancer's steam (8 damage) ... in the Dungeon (Sprint V: "Ziggurat Sprint"). The game lasted 00:09:46 (657 turns).

diana the Warrior (Minotaur Hunter)                  Turns: 657, Time: 00:09:47

Health: -3/113     AC: 31    Str: 21    XL:     11 ^: 2983
Magic:  19/19      EV: 18    Int:  4    God:
Gold:   0          SH:  0    Dex: 21    Spells: 10/10 levels left

rFire    . . .     Vision   .   E - +8 storm bow {elec, penet}
rCold    . . .     Gourm    .   (also wielding the above weapon)
rNeg     . . .     Faith    .   F - +15 Maxwell's patent armour {-Cast -Tele rElec MR+ rCorr}
rPois    .         Spirit   .   (helmet restricted)
rElec    +         Reflect  .   (no cloak)
rCorr    +         Harm     .   (no gloves)
MR       +....     NoTele   +   (no boots) Stlth ..........NoCast +
                                (no amulet)
HPRegen  0.47/turn              O - ring "Waetaer" {MP+9 Str+5 Int-4 Dex+6}
MPRegen  0.29/turn              K - ring of slaying

@: lethally poisoned (-3 -> -4)
A: retaliatory headbutt, horns 2
a: no special abilities


You were in the Dungeon.
You were not hungry.

You visited 1 branch

Inventory:

Weapons
 a - the +7 Singing Sword {slice, sonic wave}
   (You found it in the Dungeon)

   It inflicts extra damage upon your enemies.
 b - the +9 sword of Zonguldrok {reap}
   (You found it in the Dungeon)

   If a monster killed with it leaves a corpse in good enough shape, the corpse
   will be animated as a zombie friendly to the killer.
 E - the +8 storm bow (weapon) {elec, penet}
   (You found it in the Dungeon)

   It charges the ammunition it shoots with electricity; occasionally upon a
   hit, such missiles may discharge and cause terrible harm.
   Ammo fired by it will pass through the targets it hits, potentially hitting
   all targets in its path until it reaches maximum range.
 H - a +5 demon blade
 I - a +5 double sword
Armour
 c - a +0 leather armour
 F - the +15 Maxwell's patent armour (worn) {-Cast -Tele rElec MR+ rCorr}
   (You found it in the Dungeon)

   It insulates you from electricity.
   It affects your resistance to hostile enchantments.
   It prevents spellcasting.
   It prevents most forms of teleportation.
   It provides partial protection from all sources of acid and corrosion.
 G - +5 gold dragon scales
Jewellery
 w - an uncursed ring of dexterity
 y - an uncursed ring of intelligence
 A - an uncursed ring of strength
 J - an uncursed ring of protection from magic
 K - a ring of slaying (right hand)
 L - an uncursed ring of strength
 M - an uncursed ring of slaying
 O - the ring "Waetaer" (left hand) {MP+9 Str+5 Int-4 Dex+6}
   (You found it in the Dungeon)

   [ring of strength]

   It affects your strength (+5).
   It affects your intelligence (-4).
   It affects your dexterity (+6).
   It affects your magic capacity (+9).
Wands
 B - a wand of disintegration (7)
 C - a wand of iceblast (7)
 D - a wand of acid (7)
 N - a wand of polymorph (2)
Scrolls
 j - 4 scrolls of blinking
 q - 4 scrolls of amnesia
 r - 7 scrolls of fog
 s - a scroll of holy word
 t - 5 scrolls of bless item
 u - 2 scrolls of fear
Potions
 e - 10 potions of curing
 f - 14 potions of heal wounds
 g - 6 potions of haste
 h - 7 potions of magic
 i - 3 potions of berserk rage
 k - 2 potions of brilliance
 l - 2 potions of invisibility
 m - 4 potions of resistance
 o - 5 potions of agility
 p - 5 potions of might
Miscellaneous
 n - 2 sacks of spiders
Comestibles
 d - 7 rations


   Skills:
 + Level 15.5 Fighting
 + Level 15.3 Long Blades
 + Level 14.8 Bows
 + Level 15.3 Armour
 + Level 14.4 Dodging
 - Level 0.7 Stealth


You had 10 spell levels left.
You didn't know any spells.
Your spell library contained the following spells:

 Spells                   Type           Power        Failure   Level  Hunger
 Beastly Appendage        Tmut           0 (50)       87%         1    ##.....
 Confusing Touch          Hex            0 (50)       87%         1    ##.....
 Flame Tongue             Fire           0 (30)       87%         1    ##.....
 Freeze                   Ice            0 (25)       87%         1    ##.....
 Pain                     Hex/Necr       0 (25)       87%         1    ##.....
 Shock                    Air            0 (25)       87%         1    ##.....
 Blink                    Tloc           N/A          95%         2    ###....
 Call Imp                 Summ           0 (100)      95%         2    ###....
 Corpse Rot               Tmut/Necr      N/A          95%         2    ###....
 Ensorcelled Hibernation  Hex/Ice        0 (50)       95%         2    ###....
 Slow                     Hex            0 (100)      95%         2    ###....
 Swiftness                Chrm/Air       0 (100)      95%         2    ###....
 Throw Frost              Ice            0 (50)       95%         2    ###....
 Conjure Flame            Fire           0 (100)      99%         3    ####...
 Inner Flame              Hex/Fire       0 (100)      99%         3    ####...
 Mephitic Cloud           Pois/Air       0 (100)      99%         3    ####...
 Ozocubu's Armour         Chrm/Ice       0 (100)      99%         3    ####...
 Spectral Weapon          Chrm/Summ      0 (100)      99%         3    ####...
 Static Discharge         Air            0 (100)      99%         3    ####...
 Teleport Other           Hex/Tloc       0 (100)      99%         3    ####...
 Airstrike                Air            0 (200)      100%        4    #####..
 Fulminant Prism          Hex            0 (200)      100%        4    #####..
 Hailstorm                Ice            0 (100)      100%        4    #####..
 Ice Form                 Ice/Tmut       0 (100)      100%        4    #####..
 Summon Ice Beast         Ice/Summ       0 (100)      100%        4    #####..
 Bolt of Magma            Fire/Erth      0 (200)      100%        5    ######.
 Iskenderun's Battlesphe  Chrm/Erth      0 (100)      100%        5    ######.
 Lightning Bolt           Air            0 (200)      100%        5    ######.
 Silence                  Hex/Air        0 (200)      100%        5    ######.
 Summon Lightning Spire   Summ/Air       0 (100)      100%        5    ######.
 Conjure Ball Lightning   Air            0 (200)      100%        6    #######
 Deflect Missiles         Chrm/Air       0 (200)      100%        6    #######
 Freezing Cloud           Ice/Air        0 (200)      100%        6    #######
 Iron Shot                Erth           0 (200)      100%        6    #######
 Simulacrum               Ice/Necr       0 (200)      100%        6    #######
 Iskenderun's Icy Sphere  Ice            0 (200)      100%        7    #######
 Spellforged Servitor     Summ           0 (200)      100%        7    #######
 Ignition                 Fire           0 (200)      100%        8    #######
 Shatter                  Erth           0 (200)      100%        9    #######
 Tornado                  Air            0 (200)      100%        9    #######


Dungeon Overview and Level Annotations

Branches:
Dungeon (1/1)

Altars:
Ashenzari
Cheibriados
Dithmenos
Elyvilon
Fedhas Madash
Gozag Ym Sagoz
Hepliaklqana
Kikubaaqudgha
Makhleb
Nemelex Xobeh
Okawaru
Qazlal
Ru
Sif Muna
Trog
Uskayaw
Vehumet
Wu Jian
Xom
Yredelemnul
Zin
The Shining One Bahamut & Tiamat
Beogh
Jiyva
Lugonu


Innate Abilities, Weirdness & Mutations

You reflexively headbutt those who attack you in melee.
You have a pair of horns on your head.


Message History

The arrow bores through the merfolk javelineer (33)!!
Lightning courses through the merfolk javelineer (5).
The merfolk javelineer is severely wounded. (35/88) HP You feel sick. (1)
The harpy misses you (0). You furiously retaliate!
You headbutt the harpy (10)! The harpy barely misses you (0).
The harpy claws you but does no damage. x2
The merfolk aquamancer casts a spell at you.
The ball of steam hits you (7)!
* * * LOW HITPOINT WARNING * * *
Unknown command.
Unknown command.
Aiming:
E - the +8 storm bow {elec, penet}, Range: 3 (75%)
Press: ? - help, Shift-Dir - straight line, f/p - merfolk javelineer
Aim: a merfolk javelineer, wielding a +4 spear of dragon slaying and wearing a +0 leather armour (severely wounded (35/88))
You shoot an arrow.
The arrow pierces through the merfolk javelineer (14)!
Lightning courses through the merfolk javelineer (4).
The merfolk javelineer is almost dead. (17/88) HP You are engulfed in a cloud of scalding steam (8)!
You die...

▓...})....▓
▓≈≈]|[[|.≈▓....=}...▓
▓..≈.†..≈.▓....))...▓
▓≈≈..?...≈▓...†..†..▓
▓.≈≈.†..≈.▓.........▓
▓.m.)m≈...▓....)....▓
▓...†§.≈..▓...†.....▓
▓.▓≈†§≈.▓.▓....©....▓
▓≈.≈H@≈≈..▓▓▓▓▓▓▓▓▓▓▓
▓▓▓▓▓▓▓▓▓▓▓


You could see a merfolk javelineer and a harpy.

Vanquished Creatures
  A white draconian (D)
  A black draconian (D)
  A purple draconian (D)
  A merfolk impaler (D)
  A merfolk aquamancer (D)
  An alligator snapping turtle (D)
  2 deep elf knights (D)
  A deep elf archer (D)
  2 dancing weapons (D)
  A sea snake (D)
  4 draconians (D)
  A water nymph (D)
  2 spiny frogs (D)
  A snapping turtle (D)
  A blink frog (D)
  4 merfolk (D)
  3 hippogriffs (D)
  2 cyclopes (D)
  A water elemental (D)
  3 yaks (D)
  2 tarantellas (D)
  2 scorpions (D)
  A porcupine (D)
  2 wolves (D)
  A centaur (D)
  A quasit (D)
  2 iguanas (D)
  An iron imp (D)
  An adder (D)
  2 sewer rats (D)
  2 white imps (D)
  An adder skeleton (D)
  4 ball pythons (D)
  A jackal (D)
  A bat skeleton (D)
  A quokka skeleton (D)
  A quokka zombie (D)
  A spectral goblin (D)
61 creatures vanquished.

Notes
Turn   | Place    | Note
-------+----------+-------------------------------------------
     0 | D        | diana the Minotaur Hunter began the quest for the Orb.
     0 | D        | Reached XP level 1. HP: 18/18 MP: 0/0
     0 | D        | Found a shimmering blue altar of Sif Muna.
     0 | D        | Found a sacrificial altar of Ru.
     0 | D        | Found a bloodstained altar of Trog.
     0 | D        | Found a stormy altar of Qazlal.
     0 | D        | Found an iron altar of Okawaru.
     0 | D        | Found a sparkling altar of Nemelex Xobeh.
     0 | D        | Found a blossoming altar of Fedhas.
     1 | D        | Found the +6 Majin-Bo {vampiric, corrupt archmagi; MP+6
                  | Int+6}
     1 | D        | Found the +9 ballista "Sniper" {velocity, Acc+∞ +Vis}
     1 | D        | Found the +10 dark maul {crush}
     1 | D        | Found the +15 Maxwell's patent armour {-Cast -Tele rElec
                  | MR+ rCorr}
     1 | D        | Found the +18 shield of the Gong {rElec rN+ MR+ EV-5}
     1 | D        | Found the +14 obsidian axe {chop, +Fly +Vis Soulbond}
     1 | D        | Found the +7 great mace "Firestarter" {inner flame, rF++}
     1 | D        | Found the +6 shillelagh "Devastator" {shatter}
     1 | D        | Found the +11 plutonium sword {*Contam Stlth-}
     1 | D        | Found the +8 lance "Wyrmbane" {slay drac, rPois rF+ rC+
                  | AC+3}
     1 | D        | Found the +9 sword of Zonguldrok {reap}
     1 | D        | Found the +13 scythe of Curses {drain, Soulbond}
     1 | D        | Found the +0 sword of Power
     1 | D        | Found the +7 mace of Variability {chain chaos}
     1 | D        | Found the +7 Singing Sword {slice, sonic wave}
     1 | D        | Found the +8 storm bow {elec, penet}
     2 | D        | Found a transporter.
     2 | D        | Found an ancient bone altar of Kikubaaqudgha.
     2 | D        | Found a viscous altar of Jiyva.
     2 | D        | Found a corrupted altar of Lugonu.
     2 | D        | Found a hazy altar of Hepliaklqana.
     2 | D        | Found a burning altar of Makhleb.
     2 | D        | Found an opulent altar of Gozag.
   115 | D        | Reached skill level 5 in Bows
   115 | D        | Reached XP level 2. HP: 28/28 MP: 1/1
   123 | D        | Entered arena 2.
   123 | D        | Found a transporter.
   125 | D        | Reached skill level 5 in Fighting
   125 | D        | Reached XP level 3. HP: 36/36 MP: 2/2
   131 | D        | Entered arena 3.
   131 | D        | Found a transporter.
   133 | D        | Reached skill level 5 in Dodging
   133 | D        | Reached XP level 4. HP: 42/42 MP: 3/3
   134 | D        | Reached skill level 5 in Long Blades
   134 | D        | Reached skill level 5 in Armour
   146 | D        | Entered arena 4.
   146 | D        | Found a transporter.
   160 | D        | Entered arena 5.
   160 | D        | Noticed a scorpion
   160 | D        | Noticed a scorpion
   160 | D        | Noticed a tarantella
   160 | D        | Noticed a tarantella
   160 | D        | Found a transporter.
   161 | D        | Killed a tarantella
   161 | D        | Reached XP level 5. HP: 52/52 MP: 4/4
   161 | D        | Killed a scorpion
   161 | D        | Reached XP level 6. HP: 61/61 MP: 5/5
   165 | D        | Killed a tarantella
   166 | D        | Reached XP level 7. HP: 60/69 MP: 6/6
   203 | D        | Entered arena 6.
   203 | D        | Found a transporter.
   219 | D        | Got Sif Muna's Volume of Flames
   221 | D        | Got the Guide on Ignition
   228 | D        | Entered arena 7.
   228 | D        | Noticed a deep elf knight
   228 | D        | Noticed a +4 mace of protection
   228 | D        | Noticed a deep elf archer
   228 | D        | Noticed a +1 short sword of molten steel
   228 | D        | Noticed a water elemental
   228 | D        | Noticed a deep elf knight
   229 | D        | Killed a water elemental
   232 | D        | Killed a +1 short sword of molten steel
   232 | D        | Reached skill level 10 in Fighting
   232 | D        | Reached skill level 10 in Bows
   232 | D        | Reached XP level 8. HP: 79/79 MP: 7/7
   234 | D        | Killed a deep elf knight
   234 | D        | Reached skill level 10 in Long Blades
   234 | D        | Reached skill level 10 in Armour
   234 | D        | Reached skill level 10 in Dodging
   239 | D        | Killed a deep elf knight
   239 | D        | Reached XP level 9. HP: 70/89 MP: 8/8
   244 | D        | Killed a deep elf archer
   250 | D        | Killed a +4 mace of protection
   401 | D        | Found a transporter.
   413 | D        | Got the Papyrus of the Volcanoes
   422 | D        | Entered arena 8.
   422 | D        | Noticed a spiny frog
   423 | D        | Found the +8 frozen axe "Frostbite" {freezing cloud, *Noise
                  | +Fly rC+}
   423 | D        | Killed a spiny frog
   428 | D        | Reached XP level 10. HP: 99/99 MP: 9/9
   429 | D        | Found a transporter.
   447 | D        | Entered arena 9.
   447 | D        | Noticed a white draconian
   447 | D        | Noticed a draconian
   447 | D        | Noticed a purple draconian
   447 | D        | Noticed a draconian
   447 | D        | Noticed a draconian
   447 | D        | Noticed a draconian
   450 | D        | Killed a white draconian
   452 | D        | Killed a draconian
   454 | D        | Killed a black draconian
   454 | D        | Killed a draconian
   455 | D        | Killed a draconian
   459 | D        | Killed a purple draconian
   459 | D        | Reached XP level 11. HP: 87/110 MP: 10/10
   463 | D        | Found a transporter.
   479 | D        | Got the cursed ring "Poib" {Wiz Int+2 Stlth+, (Curse:
                  | Slay-4)}
   536 | D        | Entered arena 10.
   543 | D        | Found a transporter.
   568 | D        | Entered arena 11.
   581 | D        | Found a transporter.
   590 | D        | Got the ring "Waetaer" {MP+9 Str+5 Int-4 Dex+6}
   603 | D        | Got the Grimoire of Ignition
   646 | D        | Entered arena 12.
   646 | D        | Noticed a merfolk javelineer
   646 | D        | Noticed a merfolk aquamancer
   646 | D        | Noticed an alligator snapping turtle
   648 | D        | Reached skill level 15 in Fighting
   648 | D        | Noticed a merfolk impaler
   648 | D        | Identified the +2 leather armour of Beauty {rElec MR++
                  | Regen+ Dex-4}
   648 | D        | Noticed a merfolk aquamancer
   649 | D        | Noticed a harpy
   650 | D        | Killed a merfolk impaler
   651 | D        | Killed a merfolk aquamancer
   651 | D        | Reached skill level 15 in Long Blades
   651 | D        | Reached skill level 15 in Armour
   654 | D        | Killed an alligator snapping turtle
   656 | D        | HP: 5/113 [something/ball of steam (7)]
   657 | D        | Engulfed by a merfolk aquamancer's steam

Levels and vault maps discovered:
D:        sprint_v [room_start, room_1, room_2, room_3, room_4, room_5, room_6,
          room_7, room_8, room_9, room_10, room_11, room_12, room_13, room_14,
          room_15, room_16, room_17, room_18, room_19, room_20, room_21,
          room_22, room_23, room_24, room_25, room_26, room_27]

Skill      XL: |  1  2  3  4  5  6  7  8  9 10 11 |
---------------+----------------------------------+-----
Fighting       | 4 5 7 8 10 11 12 14 15 | 15.5
Long Blades    | 3 4 6 7 8 9 10 12 13 15 | 15.3
Bows           | 5 6 7 8 10 11 12 13 14 | 14.8
Armour         | 3 4 6 7 8 9 10 12 13 15 | 15.3
Dodging        | 4 5 6 7 9 10 11 13 14 | 14.4
Stealth        | |  0.7

Action                   |  1- 3 |  4- 6 |  7- 9 | 10-12 || total
-------------------------+-------+-------+-------+-------++-------
 Fire: Longbow           |     4 |    10 |    31 |    44 ||    89
  Use: Potion            |     1 |       |       |       ||     1
Armor: Plate armour      |       |    11 |    25 |    17 ||    53
Dodge: Dodged            |       |     3 |     2 |    16 ||    21
